 Dungeon Crawl Stone Soup version 0.24.1 (webtiles) character file.

Game seed: 10078720147725274587, levelgen mode: deterministic

62 mortelune the Firebug (level 3, -1/19 HPs)
             Began as a Deep Elf Fire Elementalist on Mar 27, 2020.
             Slain by Terence
             ... wielding a +4 falchion of protection
              (10 damage)
             ... on level 2 of the Dungeon.
             The game lasted 00:03:37 (2545 turns).

mortelune the Firebug (Deep Elf Fire Elementalist)  Turns: 2545, Time: 00:03:37

Health: -1/19      AC:  3    Str:  5    XL:     3   Next: 85%
Magic:  9/10       EV: 13    Int: 20    God:
Gold:   88         SH:  0    Dex: 15    Spells: 3/9 levels left

rFire    . . .     SeeInvis .   h - +0 short sword
rCold    . . .     Gourm    .   (no shield)
rNeg     . . .     Faith    .   a - +0 robe
rPois    .         Spirit   .   m - +0 helmet
rElec    .         Reflect  .   (no cloak)
rCorr    .         Harm     .   (no gloves)
MR       .....                  (no boots)
Stlth    ++........             (no amulet)
HPRegen  0.06/turn              (no ring)
MPRegen  0.12/turn              (no ring)

@: no status effects
A: no striking features
a: no special abilities


You were on level 2 of the Dungeon.
You were not hungry.

You visited 1 branch of the dungeon, and saw 2 of its levels.

You collected 88 gold pieces.

Inventory:

Hand Weapons
 b - a +0 dagger
 h - a +0 short sword (weapon)
Armour
 a - a +0 robe (worn)
 m - a +0 helmet (worn)
Scrolls
 d - a scroll of identify {unknown}
 g - a scroll of enchant armour {unknown}
 i - a scroll of magic mapping {unknown}
 j - a scroll of remove curse {unknown}
 k - a scroll of enchant weapon {unknown}
 l - a scroll of teleportation {unknown}
Potions
 e - a potion of mutation {unknown}
 f - a potion of resistance {unknown}
 o - 2 potions of haste {unknown}
Comestibles
 c - 4 rations


   Skills:
 + Level 3.0 Dodging
 - Level 2.4 Stealth
 + Level 3.5 Spellcasting
 * Level 2.5 Conjurations
 * Level 4.1 Fire Magic


You had 3 spell levels left.
You knew the following spells:

 Your Spells              Type           Power        Failure   Level  Hunger
a - Flame Tongue          Conj/Fire      ###..        3%          1    None
b - Throw Flame           Conj/Fire      ###...       5%          2    ##.....
c - Conjure Flame         Conj/Fire      ###.....     11%         3    ###....

Your spell library contained the following spells:

 Spells                   Type           Power        Failure   Level  Hunger
 Inner Flame              Hex/Fire       ##......     17%         3    ###....
 Sticky Flame             Conj/Fire      ###.....     34%         4    ####...
 Fireball                 Conj/Fire      ###.......   67%         5    ######.


Dungeon Overview and Level Annotations

Branches:
Dungeon (2/15)

Altars:
Yredelemnul

Annotations:
D:2 Terence


Message History

Casting: Flame Tongue (safe; 3% risk of failure)
Confirm with . or Enter, or press ? or * to list all spells.
Aiming: Flame Tongue (safe; 3% risk of failure)
Press: ? - help, Shift-Dir - straight line, f/p - Terence
Aim: Terence, wielding a +4 falchion of protection and wearing a +0 scale mail (moderately wounded)
The flame tongue misses Terence.
Terence hits you with a +4 falchion of protection.
* * * LOW HITPOINT WARNING * * *
Terence screams, "I'm going to kill you!"
Terence shouts, "DIE!!!"
There is a stone staircase leading up here.
Found a scroll labeled ARYGIKHUT.
Terence says, "Did you write a will?
You should..."
Terence asks, "Do you want it fast or slow?"
Terence says, "Did you write a will?
You should..."
Terence barely misses you.
Terence bares his teeth.
Terence hits you with a +4 falchion of protection!
Ouch! That really hurt!
You die...

####....#....#####.# #)........ #
####...#### #.# #>........
#####.....# ######.### #.........
......###............# #.........
.....## ######.......###.........
####..# #.......#...)......# ##
##.## ######..#.#......>.. .##
#..## ######......#......... ..#
##..## #....@@##.............
#.#####..###.########..#.........
.............# ##.#.........
..###........## #.##........
..#...###.##..##### #...........
....#...#.###.....## #..##....###
..###...#.# #####..# #<.##...###.
..# #...#.## ##.# ##....#.###.
..# #...#..# #.## #..###.....


You could see Terence.

Vanquished Creatures
  Robin (D:2)
  An ooze (D:1)
  A worm (D:1)
  A dart slug (D:1)
  A ball python (D:2)
  2 giant cockroaches
  10 goblins
  8 hobgoblins
  2 jackals (D:1)
  2 kobolds (D:1)
  4 bats
  3 frilled lizards
  2 rats (D:1)
38 creatures vanquished.

Notes
Turn   | Place    | Note
-------+----------+-------------------------------------------
     0 | D:1      | mortelune the Deep Elf Fire Elementalist began the quest
                  | for the Orb.
     0 | D:1      | Reached XP level 1. HP: 10/10 MP: 6/6
   274 | D:1      | Reached XP level 2. HP: 15/15 MP: 5/8
   278 | D:1      | Learned a level 2 spell: Throw Flame
  1321 | D:1      | Reached XP level 3. HP: 19/19 MP: 7/9
  1326 | D:1      | Learned a level 3 spell: Conjure Flame
  1719 | D:2      | Found a basalt altar of Yredelemnul.
  1910 | D:2      | Noticed Robin
  1917 | D:2      | Killed Robin
  1917 | D:2      | Reached skill level 4 in Fire Magic
  2469 | D:2      | Noticed Terence
  2545 | D:2      | Slain by Terence

Levels and vault maps discovered:
D:1:      dpeg_arrival_simpleton_a, layout_basic
D:2:      layout_rooms, nicolae_overflow_hidden_temple, uniq_robin, uniq_terence

Skill      XL: |  1  2  3 |
---------------+----------+-----
Conjurations   | 2 |  2.5
Dodging        | 3 |  3.0
Fire Magic     | 4 |  4.1
Stealth        | |  2.4
Spellcasting   | |  3.5

Action                   || total
-------------------------++-------
Melee: Short sword       ||     1
 Cast: Flame Tongue      ||    37
       Throw Flame       ||    32
  Eat: Chunk             ||     6
Armor: Robe              ||     1
Dodge: Dodged            ||     8
